AoeStats
← arturo.lima.182

Arabia

503674855Analyzed
1v1 RM · 9d ago on Sep 1, 2026· 32m 43s· 2 players
Game mode
Random Map
Map size
Tiny (2 player)
Population
200
Speed
Normal
Resources
Standard
Victory
Conquest
Starting age
Dark Age
Ending age
Imperial Age
RankedLock teamsTeams togetherTeam positionsShared explorationLock speedFull tech treeHidden civsTurbo modeCheats
Victory
Defeat
🇺🇸 Maya · United States
750
+16
🇲🇽 Byzantines · Mexico
745
-16
arturo.lima.182
3:40 Loom
12:45 Feudal Age
15:22 Double-Bit Axe
22:46 Castle Age
23:07 Fletching
23:18 Padded Archer Armor
23:52 Elite Skirmisher
28:37 Imperial Age
Cabito town
0:32 Loom
9:57 Feudal Age
10:46 Double-Bit Axe
10:46 Horse Collar
15:57 Wheelbarrow
21:00 Castle Age
20:07 Forging
20:00 Scale Mail Armor
21:33 Arson
21:17 Eagle Warrior
21:59 Squires
22:27 Hand Cart
26:28 Town Watch
27:49 Iron Casting
29:04 Bow Saw
29:37 Pikeman
31:13 Town Patrol
34:37 Imperial Age
32:49 Chain Mail Armor
Connection lost

Rejoining the realm…

Still unreachable

The connection could not be restored.

Session expired

The server has moved on; the page needs a fresh start.